 Dungeon Crawl Stone Soup version 0.23.2-1-ga50397a (webtiles) character file.

Game seed: 3950458772488800490

1409 Borgoz the Slasher (level 8, 0/49 HPs)
             Began as a Gargoyle Gladiator on May 15, 2019.
             Was a Follower of Ashenzari.
             Slain by an orc warrior
             ... wielding a +0 hand axe
              (9 damage)
             ... on level 7 of the Dungeon.
             The game lasted 00:11:21 (5236 turns).

Borgoz the Slasher (Gargoyle Gladiator)             Turns: 5236, Time: 00:11:22

Health: 0/49       AC: 15    Str: 18    XL:     8   Next: 70%
Magic:  0/17       EV: 11    Int:  9    God:    Ashenzari [*.....]
Gold:   387        SH:  0    Dex: 13    Spells: 7/7 levels left

rFire    . . .     SeeInvis .   a - +0 long sword
rCold    . . .     Gourm    .   (no shield)
rNeg     + . .     Faith    .   o - +0 scale mail
rPois    ∞         Spirit   +   w - +2 hat
rElec    +         Reflect  .   A - +0 cloak
rCorr    .         Harm     .   (no gloves)
MR       .....                  (no boots)
Stlth    ++........             m - amulet of guardian spirit
HPRegen  0.16/turn              u - ring of Nihilism {MP+9 Stlth+}
MPRegen  0.15/turn              (no ring)

@: no status effects
A: negative energy resistance 1, electricity resistance, unbreathing,
petrification resistance, rot immunity, AC +5
a: Curse Item, Scrying, Renounce Religion


You were on level 7 of the Dungeon.
You worshipped Ashenzari.
Ashenzari was aware of your devotion.
You were very hungry.

You visited 2 branches of the dungeon, and saw 8 of its levels.

You collected 387 gold pieces.

Inventory:

Hand Weapons
 a - a +0 long sword (weapon)
Missiles
 d - 3 throwing nets (quivered)
Armour
 o - a +0 scale mail (worn)
 w - a +2 hat (worn)
 A - a +0 cloak (worn)
Jewellery
 l - a +2 ring of intelligence
 m - an amulet of guardian spirit (around neck)
 u - the ring of Nihilism (left hand) {MP+9 Stlth+}
   (You found it on level 5 of the Dungeon)

   [ring of magical power]

   It affects your magic capacity (+9).
   It makes you more stealthy.
 z - an uncursed amulet of regeneration
 B - a +3 ring of intelligence
Wands
 s - a wand of flame (15)
 x - a wand of digging (10)
 C - a wand of polymorph (10)
Scrolls
 b - 5 scrolls of blinking
 c - 3 scrolls of amnesia
 e - a scroll of immolation {unknown}
 g - a scroll of fog {unknown}
 j - 2 scrolls of magic mapping {unknown}
 n - 3 scrolls of remove curse
 q - 4 scrolls of fear
 r - a scroll of enchant armour {unknown}
 v - 4 scrolls of teleportation
 y - 2 scrolls of enchant weapon
Potions
 i - 2 potions of mutation
 k - a potion of flight
 p - a potion of resistance
Comestibles
 f - 10 rations


   Skills:
 + Level 5.1 Fighting
 * Level 6.2 Long Blades
 - Level 1.7 Throwing
 + Level 4.3 Armour
 + Level 4.2 Dodging
 + Level 4.7 Stealth


You had 7 spell levels left.
You didn't know any spells.
Your spell library contained the following spells:

 Spells                   Type           Power        Failure   Level  Hunger
 Shock                    Conj/Air       #...         77%         1    ##.....
 Swiftness                Chrm/Air       #.......     88%         2    ###....
 Static Discharge         Conj/Air       #.......     98%         3    ####...
 Airstrike                Air            #.........   100%        4    #####..
 Lightning Bolt           Conj/Air       #.........   100%        5    ######.


Dungeon Overview and Level Annotations

Branches:
Dungeon (7/15)             Temple (1/1) D:6

Altars:
Ashenzari
Dithmenos
Elyvilon
Gozag
Kikubaaqudgha
Nemelex Xobeh
Okawaru
Qazlal
Ru
Sif Muna
Uskayaw
Wu Jian
Yredelemnul
Zin
The Shining One
Lugonu


Innate Abilities, Weirdness & Mutations

You are resistant to torment.
Your stone body is resilient. (AC +5)
You are immune to poison.
You resist negative energy. (rN+)
You are resistant to electric shocks. (rElec)
You can survive without breathing.
You are immune to petrification.
You are immune to rotting.


Message History

The orc warrior is almost dead.
The orc warrior hits you with a +0 hand axe.
* * * LOW HITPOINT WARNING * * *
You barely miss the orc warrior.
The orc warrior is almost dead.
The orc warrior hits you but does no damage.
You barely miss the orc warrior.
The orc warrior is almost dead.
The orc warrior hits you but does no damage.
You closely miss the orc warrior.
The orc warrior is almost dead.
The orc warrior hits you with a +0 hand axe!
* * * LOW HITPOINT WARNING * * *
You barely miss the orc warrior.
The orc warrior is almost dead.
The orc warrior hits you with a +0 hand axe.
* * * LOW HITPOINT WARNING * * *
You feel better.
The orc warrior hits you with a +0 hand axe!
You die...

#.## #................
##.## #................
##.####.................
#......................
##......##..(..........
##.....###.............
##......# ##............
#......## ##...........
####...@## ##..........
##.##o†## #.... ..
#.#####.##..# ...
#####.# ##)..# ....
#.##.## ##[## .....
##....# ##...##......
##...#####..#....#
##....##..####..#
#.......## ...#


You could see an orc warrior.

Vanquished Creatures
  Pikel (D:4)
  Eustachio (D:4)
  Edmund (D:4)
  A sky beast (D:7)
  4 slaves (D:4)
  A bullfrog zombie (D:7)
  3 orc priests
  2 hounds
  An orc wizard (D:5)
  An iguana (D:4)
  Ijyb (D:3)
  Natasha (thrice) (D:3)
  4 worker ants
  7 adders
  3 oozes
  A worm (D:2)
  5 dart slugs
  2 leopard geckos
  20 orcs
  4 bats
  5 giant cockroaches
  11 goblins
  8 hobgoblins
  18 jackals
  A quokka (D:5)
  11 frilled lizards
  2 jackal zombies
  8 kobolds
  A leopard gecko skeleton (D:6)
  10 rats
141 creatures vanquished.

Notes
Turn   | Place    | Note
-------+----------+-------------------------------------------
     0 | D:1      | Borgoz the Gargoyle Gladiator began the quest for the Orb.
     0 | D:1      | Reached XP level 1. HP: 12/12 MP: 1/1
    64 | D:1      | Reached XP level 2. HP: 16/18 MP: 2/2
   207 | D:1      | Reached skill level 3 in Long Blades
   251 | D:1      | Reached skill level 1 in Stealth
   310 | D:1      | Reached skill level 1 in Armour
   310 | D:1      | Reached XP level 3. HP: 21/22 MP: 3/3
   755 | D:2      | Noticed a +0 dagger
   756 | D:2      | Found a hide-covered altar of Uskayaw.
   756 | D:2      | Noticed a +0 hand axe
   830 | D:2      | Reached XP level 4. HP: 25/27 MP: 4/4
  1041 | D:2      | Found an opulent altar of Gozag.
  1424 | D:2      | Found an ancient bone altar of Kikubaaqudgha.
  1609 | D:3      | Noticed Ijyb
  1923 | D:3      | Killed Ijyb
  1923 | D:3      | Reached XP level 5. HP: 31/32 MP: 5/5
  1967 | D:3      | Found a shattered altar of Ashenzari.
  1984 | D:3      | Became a worshipper of Ashenzari the Shackled
  2008 | D:3      | Found an iron altar of Okawaru.
  2008 | D:3      | Noticed Natasha
  2016 | D:3      | Killed Natasha
  2229 | D:3      | Noticed Natasha
  2238 | D:3      | Killed Natasha
  2238 | D:3      | Reached skill level 4 in Long Blades
  2248 | D:3      | Noticed Natasha
  2257 | D:3      | Killed Natasha
  2257 | D:3      | Reached XP level 6. HP: 34/37 MP: 6/6
  2258 | D:3      | Found a stormy altar of Qazlal.
  2576 | D:3      | Found a faded altar of an unknown god.
  2925 | D:4      | Noticed Eustachio
  2938 | D:4      | Killed Eustachio
  3167 | D:4      | Noticed a slave
  3167 | D:4      | Noticed a slave
  3168 | D:4      | Noticed Pikel
  3168 | D:4      | Noticed a slave
  3169 | D:4      | Noticed a slave
  3187 | D:4      | Killed a slave
  3188 | D:4      | Killed a slave
  3195 | D:4      | Killed a slave
  3199 | D:4      | Killed a slave
  3213 | D:4      | Killed Pikel
  3213 | D:4      | Reached skill level 5 in Long Blades
  3213 | D:4      | Reached XP level 7. HP: 13/44 MP: 5/7
  3213 | D:4      | Reached XP level 8. HP: 15/48 MP: 5/8
  3237 | D:4      | Noticed Edmund
  3436 | D:4      | Killed Edmund
  3614 | D:5      | Entered Level 5 of the Dungeon
  3741 | D:5      | Identified the ring of Nihilism {MP+9 Stlth+}
  4062 | D:5      | Found a sparkling altar of Nemelex Xobeh.
  4524 | D:6      | Reached skill level 6 in Long Blades
  4651 | D:6      | Reached * piety under Ashenzari
  4667 | D:6      | Found a staircase to the Ecumenical Temple.
  4703 | Temple   | Entered the Ecumenical Temple
  4821 | D:6      | Found a basalt altar of Yredelemnul.
  5109 | D:7      | Reached skill level 5 in Fighting
  5236 | D:7      | Slain by an orc warrior

Skill      XL: |  1  2  3  4  5  6  7  8 |
---------------+-------------------------+-----
Long Blades    | 3 4 5 6 |  6.2
Stealth        | 1 2 3 4 |  4.7
Armour         | 1 2 3 4 |  4.3
Fighting       | 3 4 5 |  5.1
Dodging        | 3 4 |  4.2
Throwing       | |  1.7

Action                   |  1- 3 |  4- 6 |  7- 9 || total
-------------------------+-------+-------+-------++-------
Melee: Long sword        |   114 |   204 |   212 ||   530
Throw: Throwing net      |       |     1 |       ||     1
Evoke: Wand              |       |       |     5 ||     5
  Use: Scroll            |     1 |     5 |     5 ||    11
       Potion            |       |     2 |     3 ||     5
 Stab: Sleeping          |       |     3 |       ||     3
  Eat: Chunk             |       |     8 |     6 ||    14
Armor: Leather armour    |     8 |       |       ||     8
       Ring mail         |    56 |   101 |       ||   157
       Scale mail        |       |    43 |   120 ||   163
Dodge: Dodged            |    86 |   157 |   114 ||   357
       Rpst.: Long sword |    20 |    48 |    41 ||   109
